General information
			
			
        
        - name: BNet
 
        - type: Ladder team game (AT/RT)
 
        - host: Battle.net
 
        - saver: butter15
 
        
map: SilverpineForest 
        - players: 6
 
        - length: 23:29
 
        - speed: Fast
 - version: 1.22 W3XP
 - replay type:  

 
» download(197 KB)
Players
        team 1 (loser) 
              
              
» 
kawok (
purple | 43 APM | 1015 actions | 23:26)
              
 4 Mountain King 
 2 Storm Bolt
 2 Bash
 1 Paladin 
 1 Devotion Aura
 
                » actions 
                
                | Assign group hotkey | 6 |  | 
| Basic commands | 31 |  | 
| Build / train | 62 |  | 
| ESC pressed | 2 |  | 
| Enter build submenu | 28 |  | 
| Enter hero's abilities submenu | 5 |  | 
| Remove unit from queue | 2 |  | 
| Right click | 598 |  | 
| Select / deselect | 239 |  | 
| Use ability | 42 |  | 
                1015 total
 » units 
                
                | Peasant | 18 |  | 
| Footman | 2 |  | 
| Rifleman | 5 |  | 
| Siege Engine | 9 |  | 
                34 total
 » upgrades
                
                | Gunpowder | 3 |  | 
| Armor | 3 |  | 
| Lumber Harvesting | 1 |  | 
| Masonry | 1 |  | 
| Barrage | 1 |  | 
                9 total
 » buildings
                
                | Altar of Kings | 1 |  | 
| Farm | 8 |  | 
| Barracks | 1 |  | 
| Arcane Vault | 1 |  | 
| Blacksmith | 1 |  | 
| Scout Tower | 6 |  | 
| Arcane Tower | 2 |  | 
| Lumber Mill | 1 |  | 
| Keep | 1 |  | 
| Castle | 1 |  | 
| Workshop | 2 |  | 
| Town Hall | 1 |  | 
| Guard Tower | 3 |  | 
                29 total
 » build order
                00:07 Altar of Kings
00:09 Farm
00:12 Farm
00:52 Barracks
01:17 Arcane Vault
01:48 Farm
02:08 Blacksmith
02:28 Scout Tower
02:58 Arcane Tower
04:28 Farm
05:11 Farm
05:28 Lumber Mill
05:30 Keep
06:35 Farm
07:52 Castle
07:59 Workshop
09:29 Workshop
11:37 Farm
12:22 Town Hall
12:45 Farm
18:02 Scout Tower
18:04 Scout Tower
18:07 Scout Tower
18:56 Guard Tower
19:04 Arcane Tower
19:14 Guard Tower
21:37 Guard Tower
22:05 Scout Tower
22:10 Scout Tower
» items
                
                | Lesser Clarity Potion | 1 |  | 
| Ivory Tower | 1 |  | 
| Scroll of Town Portal | 1 |  | 
                3 total
  
               
              
              
» 
rangeplayer (
green | 89 APM | 2083 actions | 23:28)
              
 4 Tauren Chieftain 
 2 War Stomp
 2 Endurance Aura
 3 Far Seer 
 1 Chain Lighting
 1 Feral Spirit
 1 Far Sight
 
                » actions 
                
                | Assign group hotkey | 104 |  | 
| Basic commands | 158 |  | 
| Build / train | 70 |  | 
| ESC pressed | 3 |  | 
| Enter build submenu | 20 |  | 
| Enter hero's abilities submenu | 7 |  | 
| Right click | 807 |  | 
| Select / deselect | 374 |  | 
| Select group hotkey | 451 |  | 
| Use ability | 89 |  | 
                2083 total
 » units 
                
                | Peon | 18 |  | 
| Grunt | 1 |  | 
| Troll Headhunter/Berserker | 17 |  | 
| Demolisher | 8 |  | 
                44 total
 » upgrades
                
                | Ranged Weapons | 3 |  | 
| Armor | 3 |  | 
| Troll Regeneration | 1 |  | 
| Burning Oil | 1 |  | 
| Berserker Upgrade | 2 |  | 
                10 total
 » buildings
                
                | Orc Burrow | 8 |  | 
| Altar of Storms | 1 |  | 
| Barracks | 3 |  | 
| War Mill | 1 |  | 
| Voodoo Lounge | 1 |  | 
| Stronghold | 1 |  | 
| Fortress | 1 |  | 
| Great Hall | 2 |  | 
                18 total
 » build order
                00:10 Orc Burrow
00:13 Altar of Storms
00:42 Barracks
01:36 War Mill
01:58 Orc Burrow
02:31 Voodoo Lounge
03:22 Orc Burrow
05:04 Stronghold
05:18 Orc Burrow
07:29 Fortress
07:44 Barracks
07:45 Barracks
08:40 Orc Burrow
10:59 Great Hall
12:28 Great Hall
12:46 Orc Burrow
16:25 Orc Burrow
17:22 Orc Burrow
 
               
              
              
» 
VaNToMiKo (
yellow | 133 APM | 3112 actions | 23:22)
              
 4 Archmage 
 2 Summon Water Elemental
 2 Brilliance Aura
 3 Mountain King 
 2 Storm Bolt
 1 Bash
 1 Paladin 
 1 Holy Light
 
                » actions 
                
                | Assign group hotkey | 59 |  | 
| Basic commands | 462 |  | 
| Build / train | 82 |  | 
| ESC pressed | 15 |  | 
| Enter build submenu | 26 |  | 
| Enter hero's abilities submenu | 8 |  | 
| Right click | 1136 |  | 
| Select / deselect | 794 |  | 
| Select group hotkey | 362 |  | 
| Use ability | 166 |  | 
                3112 total
 » units 
                
                | Peasant | 13 |  | 
| Footman | 10 |  | 
| Priest | 10 |  | 
| Mortar Team | 4 |  | 
| Sorceress | 1 |  | 
| Siege Engine | 2 |  | 
                40 total
 » upgrades
                
                | Defend | 1 |  | 
| Priest Training | 2 |  | 
| Lumber Harvesting | 1 |  | 
| Fragmentation Shards | 1 |  | 
| Gunpowder | 2 |  | 
| Barrage | 1 |  | 
                8 total
 » buildings
                
                | Altar of Kings | 1 |  | 
| Farm | 10 |  | 
| Barracks | 1 |  | 
| Scout Tower | 1 |  | 
| Keep | 2 |  | 
| Arcane Tower | 2 |  | 
| Lumber Mill | 1 |  | 
| Blacksmith | 2 |  | 
| Arcane Sanctum | 2 |  | 
| Workshop | 2 |  | 
| Castle | 2 |  | 
| Town Hall | 3 |  | 
                29 total
 » build order
                00:12 Altar of Kings
00:22 Farm
00:36 Barracks
00:59 Farm
01:36 Farm
03:08 Scout Tower
03:23 Keep
03:26 Farm
03:46 Arcane Tower
03:47 Arcane Tower
05:03 Lumber Mill
05:05 Farm
08:33 Blacksmith
08:43 Blacksmith
09:18 Arcane Sanctum
09:40 Arcane Sanctum
10:38 Workshop
10:40 Workshop
11:46 Castle
11:47 Castle
12:57 Farm
13:26 Farm
13:28 Farm
13:59 Farm
17:39 Farm
20:56 Town Hall
20:59 Town Hall
21:02 Town Hall
» items
                 
               team 2 (winner) 
              
              
butter15 (
red | 101 APM | 2370 actions | 23:29)
              
 3 Archmage 
 2 Blizzard
 1 Brilliance Aura
 2 Blood Mage 
 1 Flame Strike
 1 Siphon Mana
 
                » actions 
                
                | Assign group hotkey | 3 |  | 
| Basic commands | 1 |  | 
| Build / train | 117 |  | 
| Enter build submenu | 80 |  | 
| Enter hero's abilities submenu | 5 |  | 
| Give item / drop item | 1 |  | 
| Remove unit from queue | 14 |  | 
| Right click | 1338 |  | 
| Select / deselect | 368 |  | 
| Select group hotkey | 256 |  | 
| Use ability | 187 |  | 
                2370 total
 » units 
                
                | Peasant | 17 |  | 
| Priest | 3 |  | 
| Sorceress | 1 |  | 
                21 total
 » upgrades
                
                | Masonry | 3 |  | 
| Lumber Harvesting | 1 |  | 
| Magic Sentry | 1 |  | 
| Priest Training | 1 |  | 
| Sorceress Training | 1 |  | 
                7 total
 » buildings
                
                | Altar of Kings | 2 |  | 
| Farm | 4 |  | 
| Lumber Mill | 1 |  | 
| Scout Tower | 97 |  | 
| Arcane Tower | 8 |  | 
| Guard Tower | 48 |  | 
| Keep | 1 |  | 
| Arcane Vault | 2 |  | 
| Arcane Sanctum | 1 |  | 
| Castle | 1 |  | 
| Blacksmith | 1 |  | 
| Town Hall | 1 |  | 
                167 total
 » build order
                00:16 Altar of Kings
00:24 Farm
00:40 Lumber Mill
01:10 Scout Tower
01:44 Arcane Tower
01:44 Arcane Tower
01:44 Arcane Tower
02:02 Scout Tower
02:16 Farm
02:27 Scout Tower
02:35 Arcane Tower
02:36 Scout Tower
02:37 Scout Tower
03:00 Guard Tower
03:01 Scout Tower
03:02 Scout Tower
03:12 Scout Tower
03:13 Guard Tower
03:13 Guard Tower
03:15 Scout Tower
03:15 Scout Tower
03:16 Scout Tower
03:17 Scout Tower
03:20 Scout Tower
03:21 Scout Tower
04:42 Guard Tower
04:42 Keep
04:43 Scout Tower
04:44 Scout Tower
04:47 Guard Tower
04:48 Scout Tower
04:49 Scout Tower
04:56 Scout Tower
04:57 Scout Tower
05:17 Guard Tower
05:19 Guard Tower
05:20 Guard Tower
05:23 Scout Tower
05:23 Scout Tower
05:24 Scout Tower
05:25 Scout Tower
05:31 Scout Tower
05:31 Scout Tower
05:54 Guard Tower
06:20 Arcane Vault
06:21 Guard Tower
06:24 Scout Tower
06:25 Scout Tower
06:26 Guard Tower
06:30 Scout Tower
06:31 Scout Tower
06:32 Scout Tower
06:32 Scout Tower
06:56 Guard Tower
07:02 Guard Tower
07:25 Guard Tower
07:27 Guard Tower
07:29 Scout Tower
07:31 Scout Tower
08:03 Guard Tower
08:06 Scout Tower
08:06 Scout Tower
08:10 Scout Tower
08:11 Scout Tower
08:49 Arcane Sanctum
09:18 Guard Tower
09:20 Guard Tower
09:21 Scout Tower
09:22 Scout Tower
09:22 Scout Tower
09:23 Scout Tower
09:50 Guard Tower
10:51 Farm
10:54 Arcane Tower
10:54 Guard Tower
11:37 Scout Tower
11:38 Scout Tower
11:39 Scout Tower
11:40 Scout Tower
12:01 Scout Tower
12:02 Scout Tower
12:03 Scout Tower
12:03 Scout Tower
12:32 Guard Tower
12:32 Guard Tower
12:33 Guard Tower
12:37 Guard Tower
12:39 Scout Tower
12:40 Scout Tower
12:40 Scout Tower
12:41 Scout Tower
12:50 Guard Tower
12:52 Castle
12:57 Guard Tower
12:59 Scout Tower
12:59 Scout Tower
13:09 Farm
13:29 Guard Tower
13:36 Guard Tower
13:38 Scout Tower
13:39 Scout Tower
13:44 Guard Tower
13:45 Scout Tower
13:49 Guard Tower
14:00 Arcane Tower
14:09 Scout Tower
14:10 Scout Tower
14:12 Scout Tower
14:14 Guard Tower
14:26 Scout Tower
14:27 Scout Tower
15:27 Guard Tower
15:32 Scout Tower
16:12 Blacksmith
16:18 Scout Tower
16:18 Scout Tower
16:19 Scout Tower
17:02 Guard Tower
17:10 Altar of Kings
17:17 Scout Tower
17:19 Scout Tower
17:20 Scout Tower
17:21 Scout Tower
17:21 Scout Tower
17:26 Scout Tower
17:27 Scout Tower
17:31 Scout Tower
17:31 Scout Tower
17:41 Town Hall
17:52 Scout Tower
17:53 Scout Tower
17:54 Scout Tower
17:57 Scout Tower
18:13 Scout Tower
18:14 Guard Tower
18:15 Guard Tower
18:19 Arcane Tower
18:20 Guard Tower
18:23 Scout Tower
18:27 Guard Tower
18:30 Scout Tower
18:41 Guard Tower
18:44 Guard Tower
18:46 Guard Tower
18:51 Scout Tower
18:52 Guard Tower
18:52 Guard Tower
18:54 Scout Tower
18:58 Guard Tower
19:03 Scout Tower
19:04 Scout Tower
19:10 Scout Tower
19:11 Scout Tower
19:14 Guard Tower
19:17 Scout Tower
19:18 Scout Tower
19:51 Guard Tower
20:18 Arcane Vault
21:14 Guard Tower
21:59 Scout Tower
22:33 Guard Tower
22:34 Scout Tower
22:37 Scout Tower
22:38 Scout Tower
» items
                
                | Lesser Clarity Potion | 3 |  | 
| Scroll of Regeneration | 1 |  | 
| Staff of Sanctuary | 2 |  | 
| Healing Salve | 1 |  | 
| Orb of Lightning | 1 |  | 
| Scroll of Town Portal | 1 |  | 
| Boots of Speed | 1 |  | 
| Staff of Teleportation | 1 |  | 
                11 total
  
               
              
              
piano (
orange | 91 APM | 2127 actions | 23:28)
              
 6 Warden 
 3 Shadow Strike
 3 Blink
 
                » actions 
                
                | Assign group hotkey | 7 |  | 
| Basic commands | 58 |  | 
| Build / train | 68 |  | 
| ESC pressed | 1 |  | 
| Enter build submenu | 16 |  | 
| Enter hero's abilities submenu | 7 |  | 
| Give item / drop item | 5 |  | 
| Right click | 1254 |  | 
| Select / deselect | 371 |  | 
| Select group hotkey | 240 |  | 
| Use ability | 100 |  | 
                2127 total
 » units 
                
                | Wisp | 37 |  | 
| Goblin Zeppelin | 1 |  | 
| Chimaera | 2 |  | 
                40 total
 » upgrades
                
                | Nature's Blessing | 1 |  | 
| Well Spring | 1 |  | 
| Ultravision | 1 |  | 
| Strength of the Wild | 3 |  | 
| Reinforced Hides | 3 |  | 
| Corrosive Breath | 1 |  | 
                10 total
 » buildings
                
                | Altar of Elders | 1 |  | 
| Moon Well | 14 |  | 
| Ancient of Wonders | 1 |  | 
| Tree of Ages | 1 |  | 
| Tree of Life | 2 |  | 
| Tree of Eternity | 1 |  | 
| Hunter's Hall | 1 |  | 
| Ancient of Wind | 1 |  | 
| Chimaera Roost | 3 |  | 
                25 total
 » build order
                00:05 Altar of Elders
00:28 Moon Well
01:12 Moon Well
03:08 Ancient of Wonders
03:56 Moon Well
05:24 Tree of Ages
05:52 Tree of Life
07:00 Tree of Life
09:00 Moon Well
10:30 Tree of Eternity
13:38 Hunter's Hall
13:43 Moon Well
13:44 Moon Well
13:44 Moon Well
13:45 Moon Well
13:50 Moon Well
13:51 Moon Well
13:52 Moon Well
13:52 Moon Well
16:30 Ancient of Wind
16:39 Moon Well
16:40 Moon Well
17:35 Chimaera Roost
17:38 Chimaera Roost
17:43 Chimaera Roost
» items
                
                | Boots of Speed | 1 |  | 
| Staff of Teleportation | 1 |  | 
| Healing Salve | 1 |  | 
| Lesser Clarity Potion | 1 |  | 
| Orb of Venom | 1 |  | 
| Scroll of Town Portal | 2 |  | 
                7 total
  
               
              
              
Playgoo (
pink | 95 APM | 2240 actions | 23:29)
              
 4 Blademaster 
 2 Wind Walk
 2 Critical Strike
 2 Shadow Hunter 
 1 Hex
 1 Healing Wave
 
                » actions 
                
                | Assign group hotkey | 10 |  | 
| Basic commands | 15 |  | 
| Build / train | 70 |  | 
| ESC pressed | 3 |  | 
| Enter build submenu | 70 |  | 
| Enter hero's abilities submenu | 6 |  | 
| Give item / drop item | 7 |  | 
| Right click | 1259 |  | 
| Select / deselect | 191 |  | 
| Select group hotkey | 424 |  | 
| Use ability | 185 |  | 
                2240 total
 » units 
                » upgrades
                
                | Spiked Barricades | 1 |  | 
| Liquid Fire | 1 |  | 
| Ranged Weapons | 3 |  | 
| Armor | 1 |  | 
                6 total
 » buildings
                
                | Altar of Storms | 1 |  | 
| Orc Burrow | 5 |  | 
| War Mill | 1 |  | 
| Watch Tower | 54 |  | 
| Voodoo Lounge | 3 |  | 
| Stronghold | 1 |  | 
| Great Hall | 2 |  | 
| Fortress | 1 |  | 
| Beastiary | 3 |  | 
                71 total
 » build order
                00:15 Altar of Storms
00:26 Orc Burrow
00:40 War Mill
01:56 Watch Tower
02:04 Watch Tower
02:26 Voodoo Lounge
02:35 Watch Tower
02:42 Orc Burrow
03:26 Watch Tower
04:35 Watch Tower
04:35 Watch Tower
04:36 Watch Tower
05:13 Watch Tower
05:15 Watch Tower
05:22 Watch Tower
05:43 Stronghold
05:57 Watch Tower
06:36 Watch Tower
06:38 Watch Tower
06:56 Great Hall
07:01 Watch Tower
07:36 Watch Tower
08:00 Watch Tower
08:05 Watch Tower
08:07 Watch Tower
08:08 Watch Tower
09:08 Great Hall
09:24 Watch Tower
09:27 Watch Tower
09:27 Watch Tower
09:33 Watch Tower
09:33 Watch Tower
09:48 Watch Tower
10:33 Watch Tower
10:33 Watch Tower
10:36 Watch Tower
10:36 Watch Tower
10:56 Watch Tower
10:57 Watch Tower
11:10 Watch Tower
11:38 Fortress
11:51 Beastiary
11:52 Beastiary
12:01 Watch Tower
12:06 Watch Tower
13:11 Watch Tower
13:19 Watch Tower
13:33 Voodoo Lounge
13:36 Beastiary
13:43 Orc Burrow
13:50 Orc Burrow
13:51 Orc Burrow
14:16 Watch Tower
14:23 Watch Tower
15:31 Voodoo Lounge
16:15 Watch Tower
16:16 Watch Tower
17:11 Watch Tower
17:12 Watch Tower
17:20 Watch Tower
17:21 Watch Tower
18:31 Watch Tower
18:32 Watch Tower
18:33 Watch Tower
19:22 Watch Tower
19:22 Watch Tower
20:20 Watch Tower
20:21 Watch Tower
21:34 Watch Tower
21:35 Watch Tower
21:41 Watch Tower
» items
                
                | Boots of Speed | 2 |  | 
| Staff of Teleportation | 2 |  | 
| Healing Salve | 2 |  | 
| Lesser Clarity Potion | 8 |  | 
| Potion of Healing | 2 |  | 
| Orb of Lightning | 1 |  | 
| Helm of Valor | 1 |  | 
| Sentry Wards | 1 |  | 
| Amulet of Spell Shield | 1 |  | 
| Scroll of Regeneration | 2 |  | 
| Potion of Mana | 1 |  | 
                23 total
  
                Chat log
          (00:02 / All) butter15: 1 sec
(00:03 / All) butter15: pizza
(00:05 / All) rangeplayer: uhu huu
(01:29 / All) Playgoo: AHHHHHH PLAYGOOO PLAAAYYGOOOO
(01:37 / All) butter15: rivorivorivorivorivorivorivorivo
(01:51 / All) VaNToMiKo: penispenispenispenis
(01:51 / All) piano: http://www.youtube.com/watch?v=fMiEZ7AvUD4&feature=PlayList&p=718A7EF47B86DC9D&index=15
(02:03 / All) VaNToMiKo: www.wm-clan.com
(04:39 / All) butter15: no micro yellow
(04:43 / All) VaNToMiKo: ?Ld
(05:02 / All) kawok: u said?
(05:11 / All) butter15: i say
(05:13 / All) butter15: no micro yellow
(15:14 / All) VaNToMiKo: no micro
(15:15 / All) VaNToMiKo: gg